PA
GALESBURG GUZZLERS @ HAMMOND HERONS
07/05/2022
 
TOP OF THE 1ST
Galesburg Guzzlers batting - Pitching for Hammond Herons : LHP Andrés Quezada
Pitching: LHP Andrés Quezada
Batting: LHB Chris Etheridge 0-0: SINGLE (Line Drive, 9S)
Batting: RHB Jim Unknown 0-0: Ball
1-0: Foul Ball, location: 2F
1-1: Ball
2-1: Grounds into double play, 5-4-3 (Groundball, 56)
Batting: RHB Ralph Gilbert 0-0: Called Strike
0-1: Ball
1-1: Foul Ball, location: 2F
1-2: Fly out, F6 (Popup, 6MD)
Top of the 1st over - 0 run(s), 1 hit(s), 0 error(s), 0 left on base; Galesburg 0 - Hammond 0
BOTTOM OF THE 1ST
Hammond Herons batting - Pitching for Galesburg Guzzlers : LHP Mike Harris
Pitching: LHP Mike Harris
Batting: RHB Sancho Romero 0-0: Ball
1-0: Ball
2-0: Ball
3-0: Called Strike
3-1: SINGLE (Groundball, 6D)
Batting: LHB Juan Villanueva 0-0: Called Strike
0-1: Called Strike
0-2: Ball
1-2: Strikes out looking
Batting: RHB Scott Zijm 0-0: Ball
1-0: Foul Ball, location: 2F
1-1: Foul Ball, location: 2F
1-2: Ball
2-2: Ball
3-2: SINGLE (Groundball, 34D)
Sancho Romero to second
Runner from 2nd tries for 3rd, SAFE, no throw or cutoff
Batting: RHB Jorge Baker 0-0: Foul Ball, location: 2F
0-1: Called Strike
0-2: Ball
1-2: Ball
2-2: Ball
3-2: Ground out 5-3 (Groundball, 5S)
Sancho Romero scores
Scott Zijm to second
Batting: RHB Jimmy Dawson 0-0: Fly out, F7 (Flyball, 7M)
Bottom of the 1st over - 1 run(s), 2 hit(s), 0 error(s), 1 left on base; Galesburg 0 - Hammond 1
TOP OF THE 2ND
Galesburg Guzzlers batting - Pitching for Hammond Herons : LHP Andrés Quezada
Batting: RHB Frank Crocker 0-0: Fly out, F7 (Flyball, 78S)
Batting: RHB Mark Vidal 0-0: Ball
1-0: Ball
2-0: Swinging Strike
2-1: SINGLE (Groundball, 6MD) (infield hit)
Batting: RHB Jack Sloan 0-0: Ball
1-0: Called Strike
1-1: Ball
2-1: Ball
3-1: Foul Ball, location: 2F
3-2: Strikes out swinging
Batting: RHB Sean Godron 0-0: Ball
1-0: Called Strike
1-1: Ball
Mark Vidal is caught stealing 2nd base
Top of the 2nd over - 0 run(s), 1 hit(s), 0 error(s), 0 left on base; Galesburg 0 - Hammond 1
BOTTOM OF THE 2ND
Hammond Herons batting - Pitching for Galesburg Guzzlers : LHP Mike Harris
Batting: RHB José Trombelli 0-0: Foul Ball, location: 2F
0-1: Ground out 4-3 (Groundball, 4)
Batting: RHB Joel Galindo 0-0: Foul Ball, location: 2F
0-1: Foul Ball, location: 2F
0-2: Ball
1-2: Foul Ball, location: 2F
1-2: Foul Ball, location: 2F
1-2: Foul Ball, location: 2F
1-2: Ground out 5-3 (Groundball, 5S)
Batting: RHB Brian Soto 0-0: Swinging Strike
0-1: Ground out 6-3 (Groundball, 6M)
Bottom of the 2nd over - 0 run(s), 0 hit(s), 0 error(s), 0 left on base; Galesburg 0 - Hammond 1
TOP OF THE 3RD
Galesburg Guzzlers batting - Pitching for Hammond Herons : LHP Andrés Quezada
Batting: RHB Sean Godron 0-0: Called Strike
0-1: Ball
1-1: Ball
2-1: Swinging Strike
2-2: Ball
3-2: Base on Balls
Batting: RHB Yuki Kudo 0-0: Hit by Pitch
Sean Godron to second
Batting: RHB Bubba Blevins 0-0: Ball
Sean Godron steals 3rd base
Yuki Kudo to second
1-0: Called Strike
1-1: Ball
2-1: SINGLE (Flyball, 9M)
Sean Godron scores
Yuki Kudo to third
Batting: LHB Chris Etheridge 0-0: Ball
1-0: Ball
2-0: Fielders Choice at 2nd, 5-4 (Groundball, 56)
Yuki Kudo scores
Batting: RHB Jim Unknown 0-0: Called Strike
0-1: Ball
1-1: Swinging Strike
1-2: Ball
2-2: Foul Ball, location: 2F
2-2: Foul Ball, location: 2F
2-2: Strikes out swinging
Batting: RHB Ralph Gilbert 0-0: Ball
1-0: Ball
2-0: Swinging Strike
2-1: SINGLE (Line Drive, 89M)
Chris Etheridge to second
Batting: RHB Frank Crocker 0-0: Called Strike
0-1: Fly out, F8 (Flyball, 8LM)
Top of the 3rd over - 2 run(s), 2 hit(s), 0 error(s), 2 left on base; Galesburg 2 - Hammond 1
BOTTOM OF THE 3RD
Hammond Herons batting - Pitching for Galesburg Guzzlers : LHP Mike Harris
Batting: RHB Pancho Núñez 0-0: Called Strike
0-1: Called Strike
0-2: Foul Ball, location: 2F
0-2: Foul Ball, location: 2F
0-2: Ball
1-2: Ball
2-2: Foul Ball, location: 2F
2-2: Ball
3-2: Strikes out swinging
Batting: RHB Sancho Romero 0-0: Ball
1-0: SINGLE (Line Drive, 6MD)
Batting: LHB Juan Villanueva 0-0: Ball
1-0: Fly out, F7 (Flyball, 7M)
Batting: RHB Scott Zijm 0-0: Foul Ball, location: 2F
0-1: SINGLE (Groundball, 6MD)
Sancho Romero to second
Runner from 2nd tries for 3rd, SAFE, no throw or cutoff
Batting: RHB Jorge Baker 0-0: Ball
Wild Pitch!
Sancho Romero scores
Scott Zijm to second
1-0: Called Strike
1-1: Ball
2-1: Foul Ball, location: 2F
2-2: Ball
3-2: Ground out 6-3 (Groundball, 6M)
Bottom of the 3rd over - 1 run(s), 2 hit(s), 0 error(s), 1 left on base; Galesburg 2 - Hammond 2
TOP OF THE 4TH
Galesburg Guzzlers batting - Pitching for Hammond Herons : LHP Andrés Quezada
Batting: RHB Mark Vidal 0-0: Called Strike
0-1: SINGLE (Groundball, 5D)
Batting: RHB Jack Sloan 0-0: Ball
1-0: Called Strike
1-1: Called Strike
1-2: Ball
2-2: Fly out, F7 (Flyball, 8LM)
Batting: RHB Sean Godron 0-0: Called Strike
0-1: Foul Ball, location: 2F
0-2: Ball
1-2: Fielders Choice at 2nd, 6-4 (Groundball, 6M)
Batting: RHB Yuki Kudo 0-0: Ball
1-0: Ball
2-0: Foul Ball, location: 2F
2-1: Foul Ball, location: 2F
2-2: Foul Ball, location: 2F
2-2: Fly out, F8 (Line Drive, 8LM)
Top of the 4th over - 0 run(s), 1 hit(s), 0 error(s), 1 left on base; Galesburg 2 - Hammond 2
BOTTOM OF THE 4TH
Hammond Herons batting - Pitching for Galesburg Guzzlers : LHP Mike Harris
Batting: RHB Jimmy Dawson 0-0: Ball
1-0: Swinging Strike
1-1: Ball
2-1: Foul Ball, location: 2F
2-2: SINGLE (Line Drive, 4D)
Batting: RHB José Trombelli 0-0: Ball
Jimmy Dawson steals 2nd base
1-0: Fly out, F9 (Flyball, 89M)
Runner from 2nd tags up, SAFE at 3rd with throw
Batting: RHB Joel Galindo 0-0: Called Strike
0-1: Fly out, F4 (Popup, 4)
Batting: RHB Brian Soto 0-0: TRIPLE (Line Drive, 8LM)
Jimmy Dawson scores
Batting: RHB Pancho Núñez 0-0: Fly out, F9 (Flyball, 89M)
Bottom of the 4th over - 1 run(s), 2 hit(s), 0 error(s), 1 left on base; Galesburg 2 - Hammond 3
TOP OF THE 5TH
Galesburg Guzzlers batting - Pitching for Hammond Herons : LHP Andrés Quezada
Batting: RHB Bubba Blevins 0-0: Ball
1-0: Called Strike
1-1: Swinging Strike
1-2: Foul Ball, location: 2F
1-2: Ball
2-2: Strikes out looking
Batting: LHB Chris Etheridge 0-0: Ball
1-0: Ball
2-0: Ball
3-0: Called Strike
3-1: Called Strike
3-2: Foul Ball, location: 2F
3-2: Ground out 4-3 (Groundball, 4)
Batting: RHB Jim Unknown 0-0: Ball
1-0: Ball
2-0: Ground out 5-3 (Groundball, 5S)
Top of the 5th over - 0 run(s), 0 hit(s), 0 error(s), 0 left on base; Galesburg 2 - Hammond 3
BOTTOM OF THE 5TH
Hammond Herons batting - Pitching for Galesburg Guzzlers : LHP Mike Harris
Batting: RHB Sancho Romero 0-0: Ball
1-0: Fly out, F9 (Flyball, 9M)
Batting: LHB Juan Villanueva 0-0: Ground out 1-3 (Groundball, 13)
Batting: RHB Scott Zijm 0-0: Ball
1-0: Swinging Strike
1-1: Foul Ball, location: 2F
1-2: Foul Ball, location: 2F
1-2: Ground out 6-3 (Groundball, 6)
Bottom of the 5th over - 0 run(s), 0 hit(s), 0 error(s), 0 left on base; Galesburg 2 - Hammond 3
TOP OF THE 6TH
Galesburg Guzzlers batting - Pitching for Hammond Herons : LHP Andrés Quezada
Batting: RHB Ralph Gilbert 0-0: Called Strike
0-1: Swinging Strike
0-2: Foul Ball, location: 2F
0-2: Fly out, F9 (Flyball, 89M)
Batting: RHB Frank Crocker 0-0: SINGLE (Groundball, 56D)
Batting: RHB Mark Vidal 0-0: Swinging Strike
0-1: Hit by Pitch
Frank Crocker to second
Batting: RHB Jack Sloan 0-0: Ball
1-0: Swinging Strike
1-1: Fielders Choice at 3rd, U5 (Groundball, 5L)
Mark Vidal to second
Batting: RHB Sean Godron 0-0: Ball
1-0: Foul Ball, location: 2F
1-1: Ball
2-1: Swinging Strike
2-2: Ball
3-2: Strikes out looking
Top of the 6th over - 0 run(s), 1 hit(s), 0 error(s), 2 left on base; Galesburg 2 - Hammond 3
BOTTOM OF THE 6TH
Hammond Herons batting - Pitching for Galesburg Guzzlers : LHP Mike Harris
Batting: RHB Jorge Baker 0-0: Fly out, F9 (Line Drive, 9M)
Batting: RHB Jimmy Dawson 0-0: Swinging Strike
0-1: Foul Ball, location: 2F
0-2: Ball
1-2: Fly out, F6 (Popup, 5D)
Batting: RHB José Trombelli 0-0: Foul Ball, location: 2F
0-1: Ball
1-1: Called Strike
1-2: Fly out, F7 (Line Drive, 7M)
Bottom of the 6th over - 0 run(s), 0 hit(s), 0 error(s), 0 left on base; Galesburg 2 - Hammond 3
TOP OF THE 7TH
Galesburg Guzzlers batting - Pitching for Hammond Herons : LHP Andrés Quezada
Batting: RHB Yuki Kudo 0-0: Foul Ball, location: 2F
0-1: Ball
1-1: Fly out, F9 (Line Drive, 89M)
Batting: RHB Bubba Blevins 0-0: Reached on error, E6 (Groundball, 6)
Pitching: RHP Bill Beauregard
Batting: LHB Chris Etheridge 0-0: Ball
1-0: Ball
2-0: Foul Ball, location: 2F
2-1: Foul Ball, location: 2F
2-2: Ball
3-2: Foul Ball, location: 2F
3-2: Foul Ball, location: 2F
3-2: Foul Ball, location: 2F
3-2: Base on Balls
Bubba Blevins to second
Batting: RHB Jim Unknown 0-0: Ball
1-0: Ball
2-0: Ball
3-0: Called Strike
3-1: Fly out, F3 (Line Drive, 3S)
3-1: Lined into DP, U3 (Line Drive, 3S)
Top of the 7th over - 0 run(s), 0 hit(s), 1 error(s), 1 left on base; Galesburg 2 - Hammond 3
BOTTOM OF THE 7TH
Hammond Herons batting - Pitching for Galesburg Guzzlers : LHP Mike Harris
Batting: RHB Joel Galindo 0-0: Ball
1-0: Swinging Strike
1-1: Foul Ball, location: 2F
1-2: Strikes out swinging
Batting: RHB Brian Soto 0-0: Ball
1-0: Fly out, F7 (Line Drive, 78M)
Batting: RHB Pancho Núñez 0-0: Ball
1-0: Swinging Strike
1-1: Ball
2-1: Swinging Strike
2-2: Ball
3-2: Foul Ball, location: 2F
3-2: Strikes out looking
Bottom of the 7th over - 0 run(s), 0 hit(s), 0 error(s), 0 left on base; Galesburg 2 - Hammond 3
TOP OF THE 8TH
Galesburg Guzzlers batting - Pitching for Hammond Herons : RHP Bill Beauregard
Pitching: RHP Cristián Sandoval
Batting: RHB Ralph Gilbert 0-0: Ball
1-0: Fly out, F6 (Popup, 6D)
Batting: RHB Frank Crocker 0-0: Swinging Strike
0-1: Ground out 6-3 (Groundball, 6)
Batting: RHB Mark Vidal 0-0: Called Strike
0-1: Ball
1-1: Called Strike
1-2: Ball
2-2: Ball
3-2: Foul Ball, location: 2F
3-2: Strikes out swinging
Top of the 8th over - 0 run(s), 0 hit(s), 0 error(s), 0 left on base; Galesburg 2 - Hammond 3
BOTTOM OF THE 8TH
Hammond Herons batting - Pitching for Galesburg Guzzlers : LHP Mike Harris
Batting: RHB Sancho Romero 0-0: Ball
1-0: Swinging Strike
1-1: Ball
2-1: Ball
3-1: Base on Balls
Pinch Hitting: RHB António Guzmán 0-0: Called Strike
0-1: Grounds into double play, 1-6-3 (Groundball, 15S)
Batting: RHB Scott Zijm 0-0: Ball
1-0: DOUBLE (Flyball, 7LM)
Pitching: RHP Jim Unknown
Batting: RHB Jorge Baker 0-0: Ball
1-0: Foul Ball, location: 2F
1-1: Called Strike
1-2: Ball
2-2: Ball
3-2: Strikes out looking
Bottom of the 8th over - 0 run(s), 1 hit(s), 0 error(s), 1 left on base; Galesburg 2 - Hammond 3
TOP OF THE 9TH
Galesburg Guzzlers batting - Pitching for Hammond Herons : RHP Cristián Sandoval
Pitching: LHP Luis Vega
Now at 2B: Miguel Rodríguez
Batting: RHB Jack Sloan 0-0: Ball
1-0: Ball
2-0: Ball
3-0: Base on Balls
Pinch Hitting: RHB Jim Unknown 0-0: Ball
1-0: Swinging Strike
1-1: Called Strike
1-2: Grounds into double play, 1-6-3 (Groundball, 13S)
Batting: RHB Yuki Kudo 0-0: Fly out, F3 (Popup, 9LSF)
Top of the 9th over - 0 run(s), 0 hit(s), 0 error(s), 0 left on base; Galesburg 2 - Hammond 3
This league is powered by Out of the Park Baseball, the baseball management simulation game for PC, Mac and Linux
Friday, April 15th, 2016 - OOTP Baseball 16.9 Build 39